 Dungeon Crawl Stone Soup version 0.24-a0-459-g225fefd530 (webtiles) character file.

Game seed: 15727091968466783800

1614 vurker the Chopper (level 8, 0/67 HPs)
             Began as a Mummy Fighter on June 28, 2019.
             Was an Initiate of Gozag.
             Slain by a cyclops (4 damage)
             ... on level 7 of the Dungeon.
             The game lasted 00:11:42 (5936 turns).

vurker the Chopper (Mummy Fighter)                  Turns: 5936, Time: 00:11:43

Health: 0/67       AC: 15    Str: 22    XL:     8   Next: 64%
Magic:  8/8        EV:  3    Int:  7    God:    Gozag
Gold:   118        SH:  9    Dex: 11    Spells: 7/7 levels left

rFire    x . .     SeeInvis .   k - +3 broad axe
rCold    + . .     Gourm    .   c - +0 shield
rNeg     + + +     Faith    .   f - +1 plate armour
rPois    ∞         Spirit   .   (no helmet)
rElec    .         Reflect  .   l - +0 cloak
rCorr    .         Harm     .   (no gloves)
MR       +....                  i - +1 pair of boots
Stlth    ..........             (no amulet)
HPRegen  0.21/turn              (no ring)
MPRegen  0.11/turn              (no ring)

@: no status effects
A: no food or potions, fire vulnerability, cold resistance 1, negative energy
resistance 3, torment resistance, unbreathing
a: Potion Petition, Call Merchant, Bribe Branch, Renounce Religion


You were on level 7 of the Dungeon.
You worshipped Gozag.
Gozag was aware of your devotion.
You were not hungry.

You visited 2 branches of the dungeon, and saw 8 of its levels.
You also visited: Ossuary.

You collected 587 gold pieces.
You spent 368 gold pieces at shops.
You paid 101 gold pieces to Gozag.

Inventory:

Hand Weapons
 k - a +3 broad axe (weapon)
   (You bought it in a shop on level 6 of the Dungeon)
Armour
 c - a +0 shield (worn)
 f - a +1 plate armour (worn)
   (You found it on level 2 of the Dungeon)
 i - a +1 pair of boots (worn)
   (You bought it in a shop on level 6 of the Dungeon)
 l - a +0 cloak (worn)
   (You found it on level 3 of the Dungeon)
Wands
 a - a wand of clouds (3)
   (You found it on level 7 of the Dungeon)
 d - a wand of iceblast (2)
   (You found it in an ossuary)
 m - a wand of scattershot (5)
   (You found it on level 4 of the Dungeon)
Scrolls
 b - 5 scrolls of identify {@r1}
 e - 2 scrolls of blinking
 g - 2 scrolls of remove curse {@r2}
 h - 5 scrolls of teleportation {@r4}
 j - 3 scrolls of magic mapping


   Skills:
 + Level 7.0 Fighting
 * Level 7.7 Axes
 - Level 2.4 Armour
 - Level 2.4 Shields


You had 7 spell levels left.
You didn't know any spells.
Your spell library was empty.

Dungeon Overview and Level Annotations

Branches:
Dungeon (7/15)             Temple (1/1) D:5

Altars:
Ashenzari
Cheibriados
Dithmenos
Elyvilon
Fedhas
Gozag
Hepliaklqana
Kikubaaqudgha
Makhleb
Nemelex Xobeh
Okawaru
Qazlal
Ru
Sif Muna
Trog
Uskayaw
Vehumet
Wu Jian
Xom
Yredelemnul
Zin
The Shining One

Shops:
D:6 [(!}

Annotations:
D:3 3 runed translucent doors, KristoblXynda's ghost, amateur SpBe


Innate Abilities, Weirdness & Mutations

You do not eat or drink.
Your flesh is vulnerable to fire.
You are immune to poison.
Your flesh is cold resistant. (rC+)
You are immune to negative energy. (rN+++)
You are immune to unholy pain and torment.
You can survive without breathing.


Message History

You closely miss the adder.
The adder is no longer distracted by gold.
The adder hisses angrily.
You block the adder's attack. The adder bites you but does no damage.
You miss the adder. The adder bites you. You block the adder's attack.
You miss the adder. The adder barely misses you.
Your plate armour prevents you from hitting the adder.
The adder bites you but does no damage. You block the adder's attack.
Your shield and plate armour prevent you from hitting the adder.
The adder barely misses you. The adder bites you but does no damage.
You slice the adder!!
You kill the adder!
Your Fighting skill increases to level 7!
Found a silver ring.
You now have 118 gold pieces (gained 6).
A cyclops comes into view.
The cyclops shouts!
The cyclops throws a large rock.
The large rock hits you!!
You see here a large rock.
A cyclops is nearby!
You see here a purple potion.
You start resting.
The cyclops is too close now for your liking.
The cyclops hits you but does no damage.
You hit the cyclops. You block the cyclops's attack.
You hit the cyclops. You hit the cyclops but do no damage.
The cyclops hits you!!
* * * LOW HITPOINT WARNING * * *
Aim: a cyclops (lightly wounded)
You create a blast of noxious fumes!
The cyclops is engulfed in noxious fumes.
The cyclops appears confused.
The cyclops hits you but does no damage.
You slash the cyclops!
The cyclops is engulfed in noxious fumes.
The cyclops hits you!!
* * * LOW HITPOINT WARNING * * *
You can't drink.
You hit the cyclops but do no damage.
The cyclops is engulfed in noxious fumes.
The cyclops appears confused.
You hit the cyclops but do no damage.
The cyclops is engulfed in noxious fumes.
The cyclops appears confused.
You hit the cyclops. You slash the cyclops!
The cyclops is engulfed in noxious fumes.
The cyclops appears confused.
The cyclops hits you.
You die...
Your body crumbles into a pile of gold.

........# #.#...........(.).
......=.. .................>
........# #...........#.#...
........# ............#.#.##
........# #.#.####......#.##
C.......# #.#.# #..........
.......(####.#.####....#.#.##
..........§C§................
........####@................
........# #!..######..#.....
.............................
........#####.#######...#...
........# #.# .#.#....
........# #.# .#. .. .......
... . .... .. ..##.#. $ ...
......


You could see a cyclops (confused).

Vanquished Creatures
  A wraith (Ossuary)
  Duvessa (D:4)
  A necrophage (D:5)
  2 ogres
  A centaur (D:7)
  A wyvern zombie (D:6)
  Dowan (D:4)
  A scorpion (D:5)
  A wight (Ossuary)
  A howler monkey (D:6)
  2 crimson imps (D:6)
  A bullfrog zombie (D:5)
  A hound (D:5)
  A quasit (D:5)
  An orc priest (D:6)
  2 iguanas
  Jessica (D:2)
  Natasha (thrice) (D:2)
  4 worker ants
  5 orc wizards
  10 adders
  A shadow imp (D:7)
  An adder zombie (Ossuary)
  3 worms
  A dart slug (D:4)
  2 leopard geckos
  15 orcs
  7 bats
  3 giant cockroaches
  9 hobgoblins
  9 jackals (D:1)
  3 quokkas
  3 ball pythons
  2 ball python skeletons
  8 frilled lizards
  5 goblins
  A hobgoblin zombie (Ossuary)
  A jackal skeleton (D:5)
  5 kobolds
  2 kobold zombies (Ossuary)
  2 orc skeletons (Ossuary)
  2 orc zombies (Ossuary)
  4 rats
131 creatures vanquished.

Notes
Turn   | Place    | Note
-------+----------+-------------------------------------------
     0 | D:1      | vurker the Mummy Fighter began the quest for the Orb.
     0 | D:1      | Reached XP level 1. HP: 18/18 MP: 1/1
   184 | D:1      | Reached XP level 2. HP: 23/24 MP: 2/2
   491 | D:1      | Found a glowing golden altar of the Shining One.
   527 | D:1      | Reached XP level 3. HP: 14/29 MP: 3/3
   780 | D:2      | Noticed Jessica
   788 | D:2      | Killed Jessica
   793 | D:2      | Reached XP level 4. HP: 28/37 MP: 4/4
  1165 | D:2      | Noticed Natasha
  1171 | D:2      | Killed Natasha
  1405 | D:2      | Reached XP level 5. HP: 42/42 MP: 5/5
  1447 | D:2      | Noticed Natasha
  1506 | D:2      | Killed Natasha
  1828 | D:2      | Noticed Natasha
  1835 | D:2      | Killed Natasha
  2221 | D:3      | Found a runed translucent gate.
  2221 | D:3      | Found a runed translucent gate.
  2221 | D:3      | Found a runed translucent gate.
  2400 | D:3      | Noticed KristoblXynda's ghost (amateur SpBe)
  2524 | D:4      | Found a sand-covered staircase.
  2529 | Ossuary  | Entered an ossuary
  2569 | Ossuary  | Reached XP level 6. HP: 44/49 MP: 6/6
  2658 | Ossuary  | Noticed a wraith
  2658 | Ossuary  | Noticed a flying skull
  2664 | Ossuary  | Noticed a flying skull
  2681 | Ossuary  | Noticed a flying skull
  2690 | Ossuary  | Noticed a wraith
  2702 | Ossuary  | Killed a wraith
  2702 | Ossuary  | Reached skill level 5 in Fighting
  2702 | Ossuary  | Reached skill level 5 in Axes
  3228 | D:4      | Found an iron altar of Okawaru.
  3352 | D:4      | Reached XP level 7. HP: 56/56 MP: 7/7
  3488 | D:4      | Noticed Duvessa
  3488 | D:4      | Noticed Dowan
  3503 | D:4      | Killed Duvessa
  3719 | D:4      | Killed Dowan
  3936 | D:5      | Entered Level 5 of the Dungeon
  4325 | D:5      | Reached XP level 8. HP: 64/64 MP: 8/8
  4467 | D:5      | Found a staircase to the Ecumenical Temple.
  4473 | Temple   | Entered the Ecumenical Temple
  4536 | Temple   | Became a worshipper of Gozag Ym Sagoz the Greedy
  4985 | D:6      | Found Matalet's Gadget Emporium.
  5276 | D:6      | Found Fouc's Distillery.
  5529 | D:6      | Found Garub's Armour Emporium.
  5538 | D:6      | Bought a +1 pair of boots for 172 gold pieces
  5557 | D:6      | Found Ugoge's Antique Weapon Boutique.
  5768 | D:6      | Bought a glowing broad axe for 196 gold pieces
  5802 | D:7      | Found a glowing golden altar of the Shining One.
  5910 | D:7      | Noticed a cyclops
  5932 | D:7      | HP: 3/67 [cyclops (21)]
  5936 | D:7      | Slain by a cyclops

Levels and vault maps discovered:
D:1:      minmay_arrival_hallway, layout_rooms, tso_altar
D:2:      layout_rooms, serial_bayou, serial_bayou_pond_d,
          serial_bayou_lagoon_b, serial_bayou_lagoon_a, serial_bayou_lake_a,
          uniq_natasha, uniq_jessica
D:3:      layout_rooms, first_ration, gammafunk_ghost_icy
D:4:      layout_gridville, serial_rivers, chequers_serial_rivers_micro_a,
          chequers_serial_rivers_micro_b, chequers_serial_rivers_marsh,
          chequers_serial_rivers_micro_d, chequers_serial_rivers_small_b,
          enter_ossuary_5, okawaru_gym_becter, uniq_duvessa
D:5:      layout_basic, minmay_temple_entry_tees, grunt_decor_cap,
          dk_rats_in_the_wall
D:6:      layout_loops_cross, serial_shops, shop, nicolae_shop_statue_plus,
          nicolae_shop_waterfront, nicolae_shop_stone
D:7:      layout_basic, nicolae_overflow_crystal_walls
Temple:   dpeg_three_leaves_temple

Skill      XL: |  1  2  3  4  5  6  7  8 |
---------------+-------------------------+-----
Axes           | 2 3 4 5 6 7 |  7.7
Fighting       | 4 5 6 7 |  7.0
Armour         | |  2.4
Shields        | |  2.4

Action                   |  1- 3 |  4- 6 |  7- 9 || total
-------------------------+-------+-------+-------++-------
Melee: War axe           |    88 |   221 |   161 ||   470
       Broad axe         |       |       |    26 ||    26
Evoke: Wand              |       |     4 |     2 ||     6
  Use: Scroll            |       |     7 |     2 ||     9
Armor: Scale mail        |    52 |     8 |       ||    60
       Plate armour      |       |   128 |   153 ||   281
Dodge: Dodged            |    37 |    28 |    28 ||    93
Block: Shield            |    60 |    95 |    88 ||   243

Table legend:
 A = Non-vault XP
 B = Vault XP
 C = Vault XP percentage of total XP
 D = Non-vault monster count
 E = Vault monster count
 F = Vault count percentage of total count
                 A         B        C        D         E       F
            +---------+---------+-------+---------+---------+-------
      Total |    1712 |     595 |  25.8 |     116 |      15 |  11.5
            +---------+---------+-------+---------+---------+-------
        D:1 |      44 |       0 |   0.0 |      25 |       0 |   0.0
        D:2 |     155 |      73 |  32.0 |      23 |       2 |   8.0
        D:3 |      72 |       0 |   0.0 |      14 |       0 |   0.0
        D:4 |     210 |     226 |  51.8 |      13 |       2 |  13.3
        D:5 |     459 |       0 |   0.0 |      21 |       0 |   0.0
        D:6 |     599 |       0 |   0.0 |      15 |       0 |   0.0
        D:7 |     173 |       0 |   0.0 |       5 |       0 |   0.0
    Ossuary |       0 |     296 | 100.0 |       0 |      11 | 100.0
            +---------+---------+-------+---------+---------+-------
